 Dungeon Crawl Stone Soup version 0.19.5 (webtiles) character file.

387 Azm the Magician (level 6, -1/37 HPs)
             Began as an Octopode Wizard on Mar 23, 2017.
             Was an Initiate of Ru.
             Slain by a centaur (2 damage)
             ... on level 5 of the Dungeon.
             The game lasted 01:42:04 (5131 turns).

Azm the Magician (Octopode Wizard)                  Turns: 5131, Time: 01:42:04

Health: -1/37      AC:  3    Str:  7    XL:     6   Next: 78%
Magic:  17/29      EV: 13    Int: 25    God:    Ru [......]
Gold:   121        SH:  0    Dex:  8    Spells: 4 memorised, 9 levels left

rFire  + . .     SeeInvis +     o - staff of power
rCold  . . .     Gourm    .     (no shield)
rNeg   + . .     Faith    .     a - +0 hat
rPois  .         Spirit   .     (no amulet)
rElec  .         Reflect  .     e - +3 ring of intelligence
rCorr  .         Harm     .     r - ring of positive energy
MR     .....                    v - ring of see invisible
Stlth  ++++......               u - ring of stealth
                                (no ring)
                                (no ring)
                                (no ring)
                                (no ring)

@: very slightly contaminated, hasted, very quick
A: almost no armour, stealthy swim, amphibious, 8 rings, constrict 8, yellow
scales 1, camouflage 1, clumsy 1, fire resistance 1, gelatinous body 1
a: Renounce Religion


You were on level 5 of the Dungeon.
You worshipped Ru.
Ru was noncommittal.
You were not hungry.

You visited 1 branch of the dungeon, and saw 5 of its levels.

You collected 225 gold pieces.
You spent 104 gold pieces at shops.

Inventory:

Hand Weapons
 i - a +4 dagger
 n - a +0 blowgun
Missiles
 l - 33 poisoned needles
Armour
 a - a +0 hat (worn)
Magical Staves
 o - an uncursed staff of power (weapon)
Jewellery
 e - a +3 ring of intelligence (left tentacle)
 r - a ring of positive energy (right tentacle)
 u - a ring of stealth (on tentacle)
 v - a ring of see invisible (on tentacle)
Scrolls
 h - 4 scrolls of remove curse
 j - a scroll of blinking
 k - a scroll of teleportation
 m - 2 scrolls of identify
 s - a scroll of recharging
Potions
 d - 3 potions of haste
Books
 b - a book of Minor Magic

   Spells                             Type                      Level
   a - Magic Dart                     Conjuration                  1
   b - Blink                          Translocation                2
   c - Call Imp                       Summoning                    2
   d - Repel Missiles                 Charms/Air                   2
   e - Slow                           Hexes                        2
   f - Conjure Flame                  Conjuration/Fire             3
   g - Mephitic Cloud                 Conjuration/Poison/Air       3
Comestibles
 c - 2 bread rations
 f - 2 beef jerkies
 g - 4 fruits
 p - a slice of pizza
 q - 4 chunks of flesh
 t - 2 meat rations


   Skills:
 + Level 0.4 Fighting
 - Level 0.4 Short Blades
 + Level 2.0 Dodging
 + Level 3.2 Stealth
 * Level 5.6 Spellcasting
 * Level 1.3 Conjurations
 * Level 3.6 Summonings
 + Level 1.0 Translocations


You had 9 spell levels left.
You knew the following spells:

 Your Spells              Type           Power        Failure   Level  Hunger
a - Magic Dart            Conj           ##..         6%          1    None
b - Call Imp              Summ           ####....     2%          2    None
c - Blink                 Tloc           N/A          10%         2    None
d - Slow                  Hex            #.......     14%         2    None


Dungeon Overview and Level Annotations

Branches:
Dungeon (5/15)
 Temple: D:4-7

Altars:
Ru

Shops:
D:4 *


Innate Abilities, Weirdness & Mutations

You cannot wear most types of armour.
You are very stealthy in the water. (Stealth+)
You are amphibious.
You can wear up to eight rings at the same time.
You can use your tentacles to constrict eight enemies at once.
Your skin changes colour to match your surroundings (Stealth+).
Your rubbery body absorbs attacks. (AC +1, EV +1)
You are partially covered in yellow scales. (AC +2)
You are clumsy. (Dex -2)
Your flesh is heat resistant. (rF+)


Message History

Confirm with . or Enter, or press ? or * to list all spells.
A beastly little devil appears in a puff of flame.
The centaur shoots an arrow.
The arrow hits you!
* * * LOW HITPOINT WARNING * * *
Your crimson imp barely misses the centaur.
Casting: Call Imp
Confirm with . or Enter, or press ? or * to list all spells.
Aiming: Slow
Press: ? - help, Shift-Dir - straight line, f/p - centaur
Aim: a centaur, wielding a shortbow (lightly wounded, chance to defeat MR: 41%)
The centaur resists with some effort.
Your crimson imp completely misses the centaur.
The centaur unwields an uncursed shortbow.
The centaur hits you!
* * * LOW HITPOINT WARNING * * *
Your crimson imp hits the centaur but does no damage. x2
You feel yourself speed up. The centaur closely misses you.
Your crimson imp hits the centaur but does no damage.
The centaur hits you.
You die...

.................##.......<..
.............................
.............[..##...........
................##...........
................#..#.........
..................##.......#.
................).....#.####
.....##........##.(..#.. #
######....@....#.....### .
#.###c(......# .
...c.555.......
#...###.......%. #....
#.?....... #.. #.......##
#......## #......# #......#


You could see a centaur and 3 friendly crimson imps.

Vanquished Creatures
  An orc wizard (D:4)
  2 worker ants (D:4)
  A gnoll (D:4)
  4 adders
  3 oozes
  A dart slug (D:4)
  2 leopard geckos (D:4)
  3 orcs (D:4)
  4 ball pythons
  4 giant cockroaches
  3 goblins
  2 hobgoblins
  A kobold (D:1)
  3 bats
  2 frilled lizards
  A jackal zombie (D:5)
  5 rats
42 creatures vanquished.

Vanquished Creatures (collateral kills)
  An ice beast (D:5)
  A hound (D:3)
  An orc wizard (D:3)
  3 worker ants (D:4)
  An iguana (D:4)
  Robin (D:2)
  2 gnolls (D:4)
  10 adders
  2 oozes (D:1)
  2 adder skeletons (D:4)
  3 worms
  A leopard gecko (D:3)
  5 orcs (D:4)
  A ball python (D:3)
  4 giant cockroaches
  9 hobgoblins
  5 kobolds
  A quokka (D:4)
  4 bats
  2 frilled lizards
  7 goblins
  4 rats
70 creatures vanquished.

Grand Total: 112 creatures vanquished

Notes
Turn   | Place    | Note
-------+----------+-------------------------------------------
     0 | D:1      | Azm the Octopode Wizard began the quest for the Orb.
     0 | D:1      | Reached XP level 1. HP: 11/11 MP: 4/4
   331 | D:1      | Reached XP level 2. HP: 16/17 MP: 4/6
   352 | D:1      | Learned a level 2 spell: Call Imp
   546 | D:1      | Reached XP level 3. HP: 20/21 MP: 4/8
   668 | D:1      | Reached skill level 4 in Spellcasting
   909 | D:1      | Learned a level 2 spell: Blink
  1147 | D:2      | Noticed Robin
  1156 | D:2      | Killed Robin
  1258 | D:2      | Reached XP level 4. HP: 24/27 MP: 7/10
  2567 | D:3      | Reached XP level 5. HP: 8/31 MP: 6/12
  3041 | D:3      | Found a sacrificial altar of Ru.
  3468 | D:3      | Became a worshipper of Ru the Awakened
  3744 | D:4      | Found Ruemasat's Assorted Antiques.
  3747 | D:4      | Bought a blue potion for 19 gold pieces
  3747 | D:4      | Bought a scroll labeled HUXTIH UFIUFI for 22 gold pieces
  3747 | D:4      | Bought a scroll labeled HYOLLAJURR for 22 gold pieces
  3747 | D:4      | Bought a scroll labeled KUAVVI JIMI for 22 gold pieces
  3747 | D:4      | Bought an inky potion for 19 gold pieces
  3857 | D:4      | Reached skill level 5 in Spellcasting
  3960 | D:4      | Reached XP level 6. HP: 32/36 MP: 7/13
  4169 | D:4      | Gained mutation: You are resistant to hostile enchantments. (MR+) [potion of mutation]
  4169 | D:4      | Lost mutation: You are resistant to hostile enchantments. (MR+) [potion of mutation]
  4169 | D:4      | Gained mutation: You are partially covered in slimy green scales. (AC +2) [potion of mutation]
  4170 | D:4      | Gained mutation: You are robust. (+10% HP) [potion of mutation]
  4170 | D:4      | Gained mutation: One of your tentacles bears a spike. [potion of mutation]
  4170 | D:4      | Gained mutation: Your system is resistant to poisons. (rPois) [potion of mutation]
  4172 | D:4      | Lost mutation: One of your tentacles bears a spike. [potion of cure mutation]
  4172 | D:4      | Lost mutation: You are robust. (+10% HP) [potion of cure mutation]
  4172 | D:4      | Lost mutation: You are partially covered in slimy green scales. (AC +2) [potion of cure mutation]
  4172 | D:4      | Lost mutation: Your system is resistant to poisons. (rPois) [potion of cure mutation]
  4173 | D:4      | Gained mutation: Your flesh is heat resistant. (rF+) [potion of mutation]
  4173 | D:4      | Gained mutation: You are partially covered in yellow scales. (AC +2) [potion of mutation]
  4173 | D:4      | Gained mutation: You are clumsy. (Dex -2) [potion of mutation]
  4608 | D:4      | Learned a level 2 spell: Slow
  4876 | D:5      | Entered Level 5 of the Dungeon
  5099 | D:5      | Noticed an ice beast
  5115 | D:5      | Killed an ice beast
  5130 | D:5      | HP: 1/37 [centaur (9)]
  5131 | D:5      | Slain by a centaur

Skill      XL: |  1  2  3  4  5 |
---------------+----------------+-----
Spellcasting   | 4 5 |  5.6
Summonings     | 2 3 |  3.6
Stealth        | 3 |  3.2
Fighting       | |  0.4
Short Blades   | |  0.4
Dodging        | |  2.0
Conjurations   | |  1.3
Translocations | |  1.0

Action                   |  1- 3 |  4- 6 || total
-------------------------+-------+-------++-------
Melee: Unarmed           |     9 |       ||     9
       Dagger            |    26 |    49 ||    75
       Tentacles         |     4 |     2 ||     6
       Constrict         |     5 |    12 ||    17
 Fire: Blowgun           |       |    11 ||    11
 Cast: Magic Dart        |    12 |    23 ||    35
       Call Imp          |    18 |    73 ||    91
       Blink             |     6 |       ||     6
       Slow              |       |     1 ||     1
  Use: Scroll            |     1 |     8 ||     9
       Potion            |     1 |     9 ||    10
 Stab: Sleeping          |     4 |     4 ||     8
       Distracted        |       |     1 ||     1
  Eat: Chunk             |     1 |    12 ||    13
Armor: Skin              |     1 |     7 ||     8
Dodge: Dodged            |    19 |    56 ||    75
